 Dungeon Sprint DCSS version 0.14-a0-519-g334afa2 (webtiles) character file.

600000 MDvedh the Axe Maniac (level 11, -51/84 HPs)
             Began as a Minotaur Berserker on Nov 2, 2013.
             Was a Follower of Trog.
             Annihilated by a meat berserker
             ... wielding a +9,+9 battleaxe
              (54 damage)
             ... in the Dungeon (Sprint VIII: "Arena of Blood").
             The game lasted 00:01:10 (6 turns).

MDvedh the Axe Maniac (Minotaur Berserker)             Turns: 6, Time: 00:01:11

HP -51/84        AC  2     Str 26      XL: 11   Next: 37%
MP   3/3         EV 12     Int  4      God: Trog [*.....]
Gold 0           SH  0     Dex  9      Spells:  0 memorised, 10 levels left

Res.Fire  : . . .   See Invis. : .   j - +∞ Axe of Woe
Res.Cold  : . . .   Warding    : .   b - +0 animal skin
Life Prot.: . . .   Conserve   : .   (no shield)
Res.Poison: .       Res.Corr.  : .   (helmet restricted)
Res.Elec. : .       Clarity    : .   (no cloak)
Sust.Abil.: . .     Spirit.Shd : .   (no gloves)
Res.Mut.  : .       Prev.Telep.: +   (no boots)
Res.Rott. : .       Flight     : .   (no amulet)
Saprovore : . . .                    (no ring)
                                     (no ring)

@: somewhat resistant to hostile enchantments, very unstealthy
A: retaliatory headbutt, horns 2
a: Burn Spellbooks, Berserk, Renounce Religion


You were in the Dungeon.
You worshipped Trog.
Trog was aware of your devotion.
You were not hungry.

You visited 1 branch

Inventory:

Hand weapons
 a - a +0,+0 hand axe
 j - the +∞,+∞ Axe of Woe (weapon)
   (You found it in the Dungeon)
Armour
 b - a +0 animal skin (worn)
Comestibles
 c - a bread ration
Scrolls
 i - a scroll of blinking
Potions
 d - a potion of curing
 e - a potion of heal wounds
 f - a potion of speed
 g - 2 potions of magic
 h - a potion of berserk rage


   Skills:
 - Level 3.6 Fighting
 O Level 27 Axes
 - Level 2.4 Armour
 - Level 2.1 Dodging


You had 10 spell levels left.
You didn't know any spells.

Dungeon Overview and Level Annotations

Branches:
Dungeon (1/1)

Altars:
Makhleb


Innate Abilities, Weirdness & Mutations

You reflexively headbutt those who attack you in melee.
You have a pair of horns on your head.


Message History

You have reached level 9!
Your experience leads to an increase in your attributes!
Increase (S)trength, (I)ntelligence, or (D)exterity?
You feel stronger.
You have reached level 10!
You have reached level 11!
You hear a shout!
The meat berserker hits you with a +9,+9 battleaxe!
Ouch! That really hurt!
* * * LOW HITPOINT WARNING * * *
You hear a shout!
The meat berserker hits you with a +9,+9 battleaxe!
* * * LOW HITPOINT WARNING * * *
You hear a shout!
The bag of meat appears out of thin air!
A bag of meat comes into view. It is wielding a +9,+9 war axe.
You hear a shout!
The meat berserker hits you with a +9,+9 battleaxe!
Ouch! That really hurt!
You die...

.... . .... .. ...
#. ..# #.. ..# .
.###.. ..###..
.......###........
........_O..o.....
.....#.)@O.#....O.
. #_.<._# ...
#.....# .
.....o.....
......###......
.###.. ..###. #..
..# #.. ..# .. ...


You could see 2 meat berserkers and 2 bags of meat.

Vanquished Creatures
  An ogre (D)
1 creature vanquished.

Notes
Turn   | Place    | Note
--------------------------------------------------------------
     0 | D        | MDvedh, the Minotaur Berserker, began the quest for the Orb.
     0 | D        | Reached XP level 1. HP: 19/19 MP: 0/0
     3 | D        | Noticed a meat berserker
     3 | D        | Noticed a meat berserker
     5 | D        | Noticed a bag of meat
     5 | D        | Noticed a meat berserker
     5 | D        | Noticed a meat berserker
     6 | D        | Killed a meat berserker
     6 | D        | Reached skill level 27 in Axes
     6 | D        | Reached XP level 2. HP: 26/26 MP: 0/0
     6 | D        | Reached XP level 3. HP: 33/33 MP: 1/1
     6 | D        | Reached XP level 4. HP: 39/39 MP: 1/1
     6 | D        | Reached XP level 5. HP: 46/46 MP: 1/1
     6 | D        | Reached XP level 6. HP: 52/52 MP: 2/2
     6 | D        | Reached XP level 7. HP: 59/59 MP: 2/2
     6 | D        | Reached XP level 8. HP: 66/66 MP: 2/2
     6 | D        | Reached XP level 9. HP: 72/72 MP: 3/3
     6 | D        | Reached XP level 10. HP: 79/79 MP: 3/3
     6 | D        | Reached XP level 11. HP: 84/84 MP: 3/3
     6 | D        | HP: 3/84 [meat berserker/+9,+9 battleaxe (18)]
     6 | D        | Annihilated by a meat berserker

Action                   |  1- 3 |  4- 6 |  7- 9 | 10-12 || total
-------------------------+-------+-------+-------+-------++-------
Melee: Executioner's axe |     1 |       |       |       ||     1
